 Dungeon Crawl Stone Soup version 0.25.1-2-g60ff931df9 (webtiles) character file.

Game seed: 12657894005246110100

47 gruber the Chopper (level 3, -7/33 HPs)
             Began as a Deep Dwarf Fighter on Aug 20, 2020.
             Mangled by Sigmund
             ... wielding a +2 vampiric scythe
              (11 damage)
             ... on level 2 of the Dungeon.
             The game lasted 00:00:31 (708 turns).

gruber the Chopper (Deep Dwarf Fighter)              Turns: 708, Time: 00:00:32

Health: -7/33      AC:  6    Str: 20    XL:     3   Next: 48%
Magic:  3/3        EV:  7    Int:  8    God:
Gold:   54         SH:  9    Dex: 12    Spells: 2/2 levels left

rFire    . . .     SeeInvis .   a - +0 war axe
rCold    . . .     Gourm    .   c - +0 kite shield
rNeg     . . .     Faith    .   b - +0 scale mail
rPois    .         Spirit   .   (no helmet)
rElec    .         Reflect  .   (no cloak)
rCorr    .         Harm     .   (no gloves)
MR       .....                  (no boots)
Stlth    ..........             (no amulet)
HPRegen  0.00/turn              (no ring)
MPRegen  0.08/turn              (no ring)

@: non-regenerating
A: damage resistance, heal wounds, sense surroundings 1, no regeneration
a: Heal Wounds


You were on level 2 of the Dungeon.
You were not hungry.

You visited 1 branch of the dungeon, and saw 2 of its levels.

You collected 54 gold pieces.

Inventory:

Hand Weapons
 a - a +0 war axe (weapon)
Armour
 b - a +0 scale mail (worn)
 c - a +0 kite shield (worn)
Scrolls
 e - 2 scrolls of identify {unknown}
 g - a scroll of noise {unknown}
 i - 2 scrolls of amnesia {unknown}
 j - a scroll of random uselessness {unknown}
Potions
 d - a potion of might
 h - a potion of lignification {unknown}
Comestibles
 f - 3 rations
 k - 3 chunks of flesh


   Skills:
 - Level 2.6 Fighting
 + Level 4.3 Axes
 - Level 3.2 Armour
 - Level 3.2 Shields


You had 2 spell levels left.
You didn't know any spells.
Your spell library was empty.

Dungeon Overview and Level Annotations

Branches:
Dungeon (2/15)

Altars:

Annotations:
D:2 Sigmund


Innate Abilities, Weirdness & Mutations

You are resistant to damage.
You can heal yourself by infusing magical energy.
You passively map a small area around you.
You do not regenerate.


Message History

You hit the hobgoblin but do no damage.
The hobgoblin is severely wounded.
Something hits you. The hobgoblin hits you with a +0 club.
You slash the hobgoblin!
You kill the hobgoblin!
Something hits you.
The frilled lizard completely misses you.
Your shield and scale mail prevent you from hitting the frilled lizard.
Something hits you.
* * * LOW HITPOINT WARNING * * *
You block the frilled lizard's attack.
You hit the frilled lizard.
You kill the frilled lizard!
Something hits you!
* * * LOW HITPOINT WARNING * * *
The rat bites you.
Your shield prevents you from hitting the rat.
Something hits you but does no damage. The rat closely misses you.
You closely miss the rat. You block the rat's attack. Something hits you!
You die...

................######.#
*
..............#........#
#.......รท.......<......#
#.......)..#####.......#
, #..........# #######.#
, .<........## ,,....
#..........# ..... *
#..........####....# ,*
.............@r...# , *
..........####{.#._. *
..........# *,..# ,
#........## ..# ,
##......## , ... ########
## * , *


You could see a rat.

Vanquished Creatures
  A worker ant (D:2)
  A dart slug (D:1)
  2 leopard geckos (D:1)
  A giant cockroach (D:2)
  A goblin (D:2)
  5 hobgoblins
  A ball python (D:1)
  A bat (D:2)
  2 frilled lizards
  2 kobolds (D:1)
  A rat (D:2)
18 creatures vanquished.

Notes
Turn   | Place    | Note
-------+----------+-------------------------------------------
     0 | D:1      | gruber the Deep Dwarf Fighter began the quest for the Orb.
     0 | D:1      | Reached XP level 1. HP: 20/20 MP: 1/1
   135 | D:1      | Reached skill level 3 in Axes
   167 | D:1      | Reached XP level 2. HP: 18/27 MP: 2/2
   661 | D:2      | Reached skill level 4 in Axes
   661 | D:2      | Reached XP level 3. HP: 12/33 MP: 3/3
   696 | D:2      | Found a faded altar of an unknown god.
   700 | D:2      | Noticed Sigmund
   708 | D:2      | Mangled by Sigmund

Illustrated notes

Levels and vault maps discovered:
D:1:      doesnt_arrival_eight_statues, layout_loops_ring,
          chequers_serial_rivers_micro_a
D:2:      layout_rooms, first_ration, chequers_ecumenical_altar_simple_redux,
          solitary_fountain, elyvilon_altar_1, uniq_sigmund

Skill      XL: |  1  2 |
---------------+-------+-----
Axes           | 3 4 |  4.3
Fighting       | |  2.6
Armour         | |  3.2
Shields        | |  3.2

Action                   || total
-------------------------++-------
Melee: War axe           ||    72
Armor: Scale mail        ||    27
Dodge: Dodged            ||    22
Block: Kite shield       ||    29
